 Dungeon Crawl Stone Soup version 0.29.1-debian-4-g95531337e3 (webtiles) character file.

Game seed: 5728468068671665599

1626 MirrMurr the Skirmisher (level 8, -3/37 HPs)
             Began as a Spriggan Hunter on Sept 13, 2022.
             Was an Initiate of Okawaru.
             Slain by an orc priest
             ... wielding a +0 hand axe
              (6 damage)
             ... on level 6 of the Dungeon.
             The game lasted 00:28:02 (10391 turns).

MirrMurr the Skirmisher (Spriggan Hunter)          Turns: 10391, Time: 00:28:03

Health: -3/37      AC:  4    Str:  7    XL:     8   Next: 65%
Magic:  9/9        EV: 23    Int: 11    God:    Okawaru [......]
Gold:   1250       SH:  0    Dex: 20    Spells: 7/7 levels left

rFire   . . .      SeeInvis +   a - +0 shortbow
rCold   . . .      Faith    .   (shield currently unavailable)
rNeg    . . .      Spirit   .   c - +0 robe
rPois   .          Reflect  .   (helmet restricted)
rElec   .          Harm     .   q - +1 cloak
rCorr   .          Rampage  .   (gloves unavailable)
Will    +....                   (boots unavailable)
Stlth   ++++......              (no amulet)
HPRegen 0.12/turn               h - ring of flight
MPRegen 0.11/turn               (no ring)

@: flying, studying Shields, very quick
A: very small, no large weapons, unfitting armour, see invisible, speed 3
a: Renounce Religion


You were on level 6 of the Dungeon.
You worshipped Okawaru.
Okawaru was noncommittal.
You visited 2 branches of the dungeon, and saw 7 of its levels.

You collected 1250 gold pieces.

Inventory:

Hand Weapons
 a - a +0 shortbow (weapon)
 b - a +0 dagger of electrocution
Missiles
 m - 47 stones
 w - a throwing net
Armour
 c - a +0 robe (worn)
 q - a +1 cloak (worn)
Jewellery
 h - a ring of flight (left hand)
 k - a ring of wizardry
 t - a ring of ice
 u - a ring of willpower
 A - a +6 ring of intelligence
Wands
 x - a wand of polymorph (9)
 y - a wand of mindburst (15)
 z - a wand of roots (11)
Scrolls
 e - 2 scrolls of poison
 f - 3 scrolls of teleportation
 g - 2 scrolls of acquirement
 i - 4 scrolls of identify
 l - a scroll of immolation
 v - a scroll of vulnerability
Potions
 d - 4 potions of haste
 j - 3 potions of resistance
 n - 2 potions of curing
 o - a potion of lignification
 p - a potion of magic
 r - a potion of flight
 s - 3 potions of brilliance


   Skills:
 - Level 1.5 Fighting
 * Level 8.9 Ranged Weapons
 + Level 7.6 Dodging
 + Level 8.5 Stealth


You had 7 spell levels left.
You didn't know any spells.
Your spell library contained the following spells:

 Spells                   Type           Power      Damage    Failure   Level
 Sting                    Tmut/Pois      0%         1d3       34%         1
 Cigotuvi's Dreadful Rot  Necr/Pois/Air  0%         N/A       47%         2
 Poisonous Vapours        Pois/Air       0%         N/A       47%         2
 Confusing Touch          Hex            0%         N/A       71%         3
 Olgreb's Toxic Radiance  Pois           0%         N/A       98%         4
 Yara's Violent Unravell  Hex/Tmut       0%         3d3       100%        5
 Enfeeble                 Hex            0%         N/A       100%        7
 Borgnjor's Revivificati  Necr           0%         N/A       100%        8
 Necromutation            Tmut/Necr      0%         N/A       100%        8
 Death's Door             Necr           0%         N/A       100%        9
 Summon Small Mammal      Summ           Unusable   N/A       N/A         1
 Call Canine Familiar     Summ           Unusable   N/A       N/A         3
 Summon Guardian Golem    Hex/Summ       Unusable   N/A       N/A         3

Dungeon Overview and Level Annotations

Branches:
Dungeon (6/15)             Temple (1/1) D:5

Altars:
Ashenzari
Cheibriados
Dithmenos
Elyvilon
Fedhas
Gozag
Kikubaaqudgha
Makhleb
Nemelex Xobeh
Okawaru
Qazlal
Ru
Sif Muna
Trog
Uskayaw
Vehumet
Wu Jian
Xom
Yredelemnul
Zin
The Shining One

Annotations:
D:3 1 runed translucent door, 2 transporters, fly's ghost, weakling DgDe


Innate Abilities, Weirdness & Mutations

You are very small and have problems with some larger weapons.
You are too small for most types of armour.
You have supernaturally acute eyesight. (SInv)
You cover ground extremely quickly. (Speed+++)


Message History

You shoot an arrow. The arrow hits the orc priest.
The orc priest is severely wounded.
The orc priest calls down the wrath of Beogh upon you.
Beogh smites you!
You are too injured to fight recklessly!
Fire: a) +0 shortbow
Press: ? - help, Q - select action, (/) - cycle Shift-Dir - straight line, f/p - orc priest
Aim: an orc priest, wielding a +0 hand axe and wearing a +0 chain mail (severely wounded, 72% to hit)
You shoot an arrow. The arrow hits the orc priest.
The orc priest is almost dead.
Fire: a) +0 shortbow
Press: ? - help, Q - select action, (/) - cycle Shift-Dir - straight line, f/p - orc priest
Aim: an orc priest, wielding a +0 hand axe and wearing a +0 chain mail (almost dead, 72% to hit)
You shoot an arrow. The arrow barely misses the orc priest.
The orc priest invokes the aid of Beogh against you.
You resist with some effort.
Fire: a) +0 shortbow
Press: ? - help, Q - select action, (/) - cycle Shift-Dir - straight line, f/p - orc priest
Aim: an orc priest, wielding a +0 hand axe and wearing a +0 chain mail (almost dead, 72% to hit)
You shoot an arrow.
The arrow hits the orc priest but does no damage.
The orc priest is almost dead.
The orc priest calls down the wrath of Beogh upon you.
Beogh smites you!
* * * LOW HITPOINT WARNING * * *
Unknown command.
Fire: a) +0 shortbow
Press: ? - help, Q - select action, (/) - cycle Shift-Dir - straight line, f/p - orc priest
Aim: an orc priest, wielding a +0 hand axe and wearing a +0 chain mail (almost dead, 72% to hit)
You shoot an arrow.
The arrow hits the orc priest but does no damage.
The orc priest is almost dead.
Fire: a) +0 shortbow
Press: ? - help, Q - select action, (/) - cycle Shift-Dir - straight line, f/p - orc priest
Aim: an orc priest, wielding a +0 hand axe and wearing a +0 chain mail (almost dead, 72% to hit)
You shoot an arrow.
The arrow hits the orc priest but does no damage.
The orc priest is almost dead.
The orc priest hits you with a +0 hand axe.
You die...

#.# #.#### ######## #...... #.#
#....# ####...... #.#
####.##############..'...... #.#
#................#.#...... #.#
#....##########.##.#...... #.#
#........######.##.#......
#.##########.##.##........#......
.......^...#.##.##...############
#.########.#.##.@o..)###.....#
#.##.......#.##.##...).......#
..##.#######.#.....#####..o).#
..##.##....#.#.#####...#####.#
..#........#.#.'....._.....'.##
..#..........#.#####...#####..#
###........###.....#####...o..###
##.##....# #####...............
#.##..?.# #######.....###.


You could see an orc priest.

Vanquished Creatures
  Menkaure (D:6)
  A black bear (D:6)
  An orc warrior (D:5)
  An ice beast (D:5)
  An ogre (D:4)
  A bullfrog (D:6)
  2 scorpions (D:6)
  A necrophage (D:5)
  4 wights
  2 electric eels (D:6)
  4 hounds
  An orc priest (D:6)
  3 iguanas
  9 orc wizards
  7 adders
  2 white imps (D:6)
  3 dart slugs
  18 orcs
  8 endoplasms
  5 giant cockroaches
  9 goblins
  10 hobgoblins
  3 quokkas
  7 ball pythons
  5 bats
  A frilled lizard (D:1)
  6 kobolds
  8 rats
124 creatures vanquished.

Vanquished Creatures (others)
  A demonic plant (D:2)
1 creature vanquished.

Grand Total: 125 creatures vanquished

Notes
Turn   | Place    | Note
-------+----------+-------------------------------------------
     0 | D:1      | MirrMurr the Spriggan Hunter began the quest for the Orb.
     0 | D:1      | Reached XP level 1. HP: 10/10 MP: 2/2
   322 | D:1      | Reached XP level 2. HP: 14/14 MP: 3/3
   757 | D:1      | Reached XP level 3. HP: 18/18 MP: 4/4
  1571 | D:2      | Found a faded altar of an unknown god.
  2025 | D:3      | Reached XP level 4. HP: 22/22 MP: 5/5
  2212 | D:3      | Found a runed translucent door.
  2244 | D:3      | Noticed fly's ghost (weakling DgDe)
  2350 | D:3      | Reached skill level 5 in Ranged Weapons
  2445 | D:3      | Found a transporter.
  2610 | D:3      | Found a transporter.
  3012 | D:4      | Identified 3 scrolls of acquirement
  3012 | D:4      | Acquired 869 gold pieces
  3375 | D:4      | Found an opulent altar of Gozag.
  3912 | D:4      | Found a shadowy altar of Dithmenos.
  4011 | D:4      | Reached XP level 5. HP: 16/25 MP: 6/6
  4175 | D:4      | Noticed an ogre
  4200 | D:4      | Killed an ogre
  4988 | D:4      | Reached XP level 6. HP: 23/30 MP: 7/7
  5656 | D:4      | Found a shadowy altar of Dithmenos.
  5836 | D:4      | Found an opulent altar of Gozag.
  6053 | D:5      | Entered Level 5 of the Dungeon
  6080 | D:4      | Reached skill level 5 in Dodging
  6080 | D:4      | Reached skill level 5 in Stealth
  6180 | D:5      | Found a staircase to the Ecumenical Temple.
  6191 | Temple   | Entered the Ecumenical Temple
  6661 | D:5      | Noticed an ice beast
  6786 | D:5      | Found a burning altar of Makhleb.
  6820 | D:5      | Killed an ice beast
  6821 | D:5      | Reached XP level 7. HP: 33/33 MP: 8/8
  7034 | D:5      | Found a shimmering blue altar of Sif Muna.
  7046 | D:5      | Found a bloodstained altar of Trog.
  8062 | D:6      | Noticed Menkaure
  8067 | D:6      | Killed Menkaure
  8068 | D:6      | Reached XP level 8. HP: 34/37 MP: 9/9
  8068 | D:6      | Acquired a manual of Shields
  9339 | D:6      | Found an iron altar of Okawaru.
  9343 | D:6      | Became a worshipper of Warmaster Okawaru
  9474 | D:6      | Found an ancient bone altar of Kikubaaqudgha.
 10391 | D:6      | Slain by an orc priest

Illustrated notes

Levels and vault maps discovered:
D:1:      giann_wishing_wells, layout_loops_corners, minmay_indecisive_spiral
D:2:      minmay_door_path, layout_basic, shapermc_ecumenical_altar_gd
D:3:      gammafunk_wand_slinger, layout_basic, ebering_ghost_sewer_d
D:4:      layout_basic, mainiacjoe_overflow_alcove_1, lemuel_tele_altar,
          minmay_pentomino_pile
D:5:      layout_gridville, kennysheep_mini,
          nzn_overflow_gifts_of_might_and_magic, minmay_temple_entry_waves,
          serial_co_window_serial, co_window_corner_a, co_window_paths_a,
          co_window_paths_b, co_window_corner_a, co_window_corner_a,
          co_window_corner_b, co_window_broadway_b, co_window_corner_cb,
          co_window_corner_b, glass_columns_b, kennysheep_minor_cross
D:6:      layout_basic, okawaru_metal_pillars_3,
          mainiacjoe_overflow_surrounded_room, kennysheep_cross_room,
          uniq_menkaure
Temple:   nicolae_temple_two_arcs

Skill      XL: |  1  2  3  4  5  6  7  8 |
---------------+-------------------------+-----
Stealth        | 2 3 4 5 7 8 |  8.5
Dodging        | 3 4 5 6 7 |  7.6
Ranged Weapons | 5 6 7 8 |  8.9
Fighting       | |  1.5

Action                   |  1- 3 |  4- 6 |  7- 9 || total
-------------------------+-------+-------+-------++-------
Melee: Dagger            |       |     1 |       ||     1
 Fire: Shortbow          |   102 |   178 |   264 ||   544
  Use: Scroll            |     4 |    15 |     1 ||    20
       Potion            |       |     2 |     1 ||     3
Armor: Robe              |       |     3 |     2 ||     5
Dodge: Dodged            |     2 |    25 |    31 ||    58
